Punishers vs Senators

Created - January 31, 2019 at 19:10

Goals
1 2 3 T
Punishers 1 1 3 5
Senators 1 0 2 3
Shots
1 2 3 T
Punishers 12 6 16 34
Senators 21 13 7 41

1st period

1. Senators , Gabriel Bourque 27 (Stephane Da Costa 36) at 8:01
2. Punishers , Colton Gillies 12 (Mattias Tedenby 19, Boone Jenner 16) at 11:42 (PP)

Penalties :
Olli Maatta (BIN) for Hooking (Minor) at 10:59

2nd period

3. Punishers , Miikka Salomaki 23 (Garret Ross 8) at 3:44

Penalties :
Robbie Earl (Pro) for Tripping (Minor) at 0:17, Colton Gillies (Pro) for Charging (Double Minor) at 9:29, Patrick Wiercioch (Pro) for Hooking (Minor) at 14:20, Scott Harrington (BIN) for High sticking (Minor) at 19:21

3rd period

4. Senators , Johannes Salmonsson 15 (Zemgus Girgensons 8, Gabriel Bourque 42) at 3:14
5. Punishers , Robbie Earl 24 (Zack Hamill 50, Jordan Schmaltz 12) at 7:20 (PP)
6. Punishers , Garret Ross 11 (Miikka Salomaki 20, Mark Jankowski 11) at 9:58
7. Senators , Tommy Wingels 14 (Nick Foligno 26, Dylan Blujus 6) at 11:19
8. Punishers , Robbie Earl 25 (Adam Pelech 17) at 19:25 (Empty Net)

Penalties :
Stephane Da Costa (BIN) for Hooking (Minor) at 0:22, Zemgus Girgensons (BIN) for Holding Stick (Minor) at 7:06, Gabriel Bourque (BIN) for Tripping (Minor) at 7:35

Goalie Stats

Kristers Gudlevskis (Pro), 38 saves from 41 shots - (0.927), W, 9-14-2, 60:00 minutes
Brad Thiessen (BIN), 29 saves from 33 shots - (0.879), L, 11-13-4, 59:28 minutes

Players Stats for Punishers

Player Name              G  A  P  +/- PIM S  H  SB GA TA FO     MP     PP MP  PK MP  
------------------------------------------------------------------------------------
Adam Pelech              0  1  1   0  0   2  2  6  1  1  0/0    31:24   4:04   4:06 
Boone Jenner             0  1  1  -2  0   0  3  0  1  0  5/14   15:13   2:32   0:00 
Carter Ashton            0  0  0   0  0   0  0  0  0  0  0/0     0:00   0:00   0:00 
Colton Gillies           1  0  1  -2  4   3  2  0  1  0  0/0    15:13   2:32   0:00 
Dan Bertram              0  0  0   0  0   3  1  0  0  0  0/0     7:41   0:00   0:00 
David Laliberté          0  0  0   1  0   2  5  0  1  1  1/1    20:59   3:24   1:47 
Dylan DeMelo             0  0  0  -1  0   1  0  0  0  0  0/0    11:19   0:00   1:30 
Garret Ross              1  1  2   1  0   2  2  0  0  0  0/0     9:47   0:00   0:13 
John Macfarland          0  0  0   0  0   0  0  0  0  0  0/0     2:48   0:00   2:26 
Jordan Schmaltz          0  1  1   1  0   3  1  1  1  0  0/0    29:45   4:04   4:06 
Mark Jankowski           0  1  1   1  0   1  1  0  0  0  7/11    9:34   0:00   0:00 
Mattias Tedenby          0  1  1  -2  0   4  3  1  0  0  1/1    17:00   2:32   1:47 
Michael Joly             0  0  0   0  0   0  0  0  0  0  0/1     2:32   0:00   2:32 
Miikka Salomaki          1  1  2   1  0   1  0  0  0  0  2/2     9:34   0:00   0:00 
Patrick Wiercioch        0  0  0   0  2   4  0  3  0  0  0/0    23:42   1:52   2:21 
Radek Faksa              0  0  0   0  0   1  1  0  0  0  1/2     9:58   0:00   1:20 
Robbie Earl              2  0  2   1  2   4  1  0  0  0  0/0    22:06   3:24   2:33 
Trevor Van Riemsdyk      0  0  0   0  0   1  2  1  1  1  0/0    22:13   1:52   3:11 
Tyler Bertuzzi           0  0  0   0  0   0  1  0  0  0  0/0     7:41   0:00   0:00 
Zack Hamill              0  1  1   1  0   2  3  1  0  1  21/39  23:31   3:24   3:56 

Players Stats for Senators

Player Name              G  A  P  +/- PIM S  H  SB GA TA FO     MP     PP MP  PK MP  
------------------------------------------------------------------------------------
Andy Andreoff            0  0  0   0  0   2  2  0  0  0  0/0     8:31   0:46   1:16 
Blake Coleman            0  0  0   0  0   0  0  0  0  0  0/1     1:48   0:00   1:46 
Brett Bulmer             0  0  0   0  0   0  0  0  0  0  0/0     0:38   0:36   0:00 
Chandler Stephenson      0  0  0   0  0   0  0  0  0  0  1/3     6:53   0:00   0:26 
Dylan Blujus             0  1  1   1  0   1  1  2  0  1  0/0    19:31   3:09   2:27 
Gabriel Bourque          1  1  2   0  2   5  1  0  1  0  1/1    22:01   3:50   2:21 
Grant Besse              0  0  0   0  0   5  0  0  0  0  0/0     6:56   0:27   0:00 
Johannes Salmonsson      1  0  1   0  0   2  3  0  0  0  0/0    10:38   0:00   0:42 
Keegan Lowe              0  0  0  -2  0   1  1  1  0  0  0/0    13:12   0:33   0:00 
Mason Geertsen           0  0  0  -2  0   0  1  0  0  0  0/0    13:54   0:33   0:42 
Matt Frattin             0  0  0   0  0   1  2  0  0  0  0/1    19:39   3:49   0:00 
Nick Foligno             0  1  1   0  0   3  0  0  2  1  1/2    17:07   3:06   0:12 
Olli Maatta              0  0  0   1  2   1  2  1  0  1  0/0    27:02   4:15   3:15 
Phil Di Giuseppe         0  0  0   0  0   0  0  0  0  0  0/0     0:46   0:44   0:00 
Samuel Morin             0  0  0   1  0   3  1  3  0  0  0/0    27:17   4:15   3:29 
Scott Harrington         0  0  0   1  2   2  0  1  0  0  0/0    19:02   3:09   1:59 
Sebastian Wannstrom      0  0  0   0  0   0  3  0  1  0  0/0     9:56   0:00   0:00 
Stephane Da Costa        0  1  1   0  2   2  2  0  0  3  17/42  22:34   3:52   2:51 
Tomas Jurco              0  0  0   0  0   6  2  0  0  0  0/0    16:47   2:58   0:00 
Tommy Wingels            1  0  1   0  0   6  0  0  0  0  11/15  16:55   3:06   0:00 
Zemgus Girgensons        0  1  1   0  2   1  1  0  0  0  2/6    11:54   0:37   1:19 

3 Stars

1 - Garret Ross (Pro)
2 - Robbie Earl (Pro)
3 - Miikka Salomaki (Pro)

Power Play

Punishers - 2 on 5 Attempt(s) - 40.00%
Senators - 0 on 4 Attempt(s) - 0.00%

Penalty Kill

Punishers - 4 on 4 Attempt(s) - 100.00% - Score 0 goal in Penalty Kill
Senators - 3 on 5 Attempt(s) - 60.00% - Score 0 goal in Penalty Kill

Team Stat

Punishers - Hits : 28 - Faceoff Wins : 38 - Blocked Shots : 13 - Penalty Minutes : 8
Senators - Hits : 22 - Faceoff Wins : 33 - Blocked Shots : 8 - Penalty Minutes : 10

Official

Referees : Unknown
Linesman : Unknown

Game Notes

Robbie Earl has scored in a empty net!

Finance

Level 1 -- Attendance: 1349 (67.45%) -- Ticket Income $44,517
Level 2 -- Attendance: 738 (73.80%) -- Ticket Income $11,070
Total Attendance: 2087 (69.57%)
Total Ticket Income: $55,587
Other Income: $2,779
Total Income: $58,366

Punishers

5 vs 5 Forward 
   Center                   Left Wing                Right Wing               Time % Phy DF OF 
 1 Zack Hamill              Robbie Earl              David Laliberté          40     1   2  2  
 2 Boone Jenner             Colton Gillies           Mattias Tedenby          30     1   2  2  
 3 Mark Jankowski           Garret Ross              Miikka Salomaki          20     1   2  2  
 4 Radek Faksa              Tyler Bertuzzi           Dan Bertram              10     1   2  2  

5 vs 5 Defense 
   Defense                  Defense                                           Time % Phy DF OF 
 1 Adam Pelech              Jordan Schmaltz                                   40     1   2  2  
 2 Patrick Wiercioch        Trevor Van Riemsdyk                               30     1   2  2  
 3 Dylan DeMelo             Adam Pelech                                       20     1   2  2  
 4 Jordan Schmaltz          Patrick Wiercioch                                 10     1   2  2  

PowerPlay Forward 
   Center                   Left Wing                Right Wing               Time % Phy DF OF 
 1 Zack Hamill              Robbie Earl              David Laliberté          60     1   2  2  
 2 Boone Jenner             Colton Gillies           Mattias Tedenby          40     1   2  2  

PowerPlay Defense
   Defense                  Defense                                           Time % Phy DF OF 
 1 Adam Pelech              Jordan Schmaltz                                   60     1   2  2  
 2 Patrick Wiercioch        Trevor Van Riemsdyk                               40     1   2  2  

Penalty Kill 4 Players Forward 
   Center                   Wing                     Time % Phy DF OF 
 1 Zack Hamill              Robbie Earl              60     1   2  2  
 2 David Laliberté          Mattias Tedenby          40     1   2  2  

Penalty Kill 4 Players Defense
   Defense                  Defense                  Time % Phy DF OF 
 1 Adam Pelech              Jordan Schmaltz          60     1   2  2  
 2 Patrick Wiercioch        Trevor Van Riemsdyk      40     1   2  2  

Penalty Kill - 3 Players Forward 
   Forward                                           Time % Phy DF OF 
 1 Zack Hamill                                       60     1   2  2  
 2 Robbie Earl                                       40     1   2  2  

Penalty Kill - 3 Players Defense
   Defense                  Defense                  Time % Phy DF OF 
 1 Adam Pelech              Jordan Schmaltz          60     1   2  2  
 2 Patrick Wiercioch        Trevor Van Riemsdyk      40     1   2  2  

4 vs 4 Forward 
   Center                   Wing                     Time % Phy DF OF 
 1 Zack Hamill              Robbie Earl              60     1   2  2  
 2 David Laliberté          Mattias Tedenby          40     1   2  2  

4 vs 4 Defense
   Defense                  Defense                  Time % Phy DF OF 
 1 Adam Pelech              Jordan Schmaltz          60     1   2  2  
 2 Patrick Wiercioch        Trevor Van Riemsdyk      40     1   2  2  

Last Minutes Offensive
   Center                   Left Wing                Right Wing               Defense                  Defense                  
   Zack Hamill              Robbie Earl              David Laliberté          Adam Pelech              Jordan Schmaltz          

Last Minutes Defensive
   Center                   Left Wing                Right Wing               Defense                  Defense                  
   Zack Hamill              Robbie Earl              David Laliberté          Adam Pelech              Jordan Schmaltz          

Goaltenders
Starting : Kristers Gudlevskis      
Backup : Louis Domingue           

Extra Forwards
Normal : Carter Ashton, John Macfarland, Michael Joly - PP : Carter Ashton, John Macfarland - PK : Michael Joly
Extra Defensemen
Normal : Dylan DeMelo, Trevor Van Riemsdyk, Adam Pelech - PP : Dylan DeMelo - PK : Trevor Van Riemsdyk, Adam Pelech
Penalty Shots
Zack Hamill, Robbie Earl, David Laliberté, Mattias Tedenby, Boone Jenner

Scratches
Madison Bowey (Back Spasms Injury), Daniel Altshuller (Healthy)

Senators

5 vs 5 Forward 
   Center                   Left Wing                Right Wing               Time % Phy DF OF 
 1 Stephane Da Costa        Gabriel Bourque          Matt Frattin             40     1   2  2  
 2 Tommy Wingels            Nick Foligno             Tomas Jurco              30     1   2  2  
 3 Zemgus Girgensons        Johannes Salmonsson      Sebastian Wannstrom      20     1   2  2  
 4 Chandler Stephenson      Andy Andreoff            Grant Besse              10     1   2  2  

5 vs 5 Defense 
   Defense                  Defense                                           Time % Phy DF OF 
 1 Olli Maatta              Samuel Morin                                      40     1   2  2  
 2 Scott Harrington         Dylan Blujus                                      30     1   2  2  
 3 Keegan Lowe              Mason Geertsen                                    20     1   2  2  
 4 Olli Maatta              Samuel Morin                                      10     1   2  2  

PowerPlay Forward 
   Center                   Left Wing                Right Wing               Time % Phy DF OF 
 1 Stephane Da Costa        Gabriel Bourque          Matt Frattin             60     1   2  2  
 2 Tommy Wingels            Nick Foligno             Tomas Jurco              40     1   2  2  

PowerPlay Defense
   Defense                  Defense                                           Time % Phy DF OF 
 1 Olli Maatta              Samuel Morin                                      60     1   2  2  
 2 Scott Harrington         Dylan Blujus                                      40     1   2  2  

Penalty Kill 4 Players Forward 
   Center                   Wing                     Time % Phy DF OF 
 1 Stephane Da Costa        Gabriel Bourque          60     1   2  2  
 2 Nick Foligno             Johannes Salmonsson      40     1   2  2  

Penalty Kill 4 Players Defense
   Defense                  Defense                  Time % Phy DF OF 
 1 Olli Maatta              Samuel Morin             60     1   2  2  
 2 Scott Harrington         Dylan Blujus             40     1   2  2  

Penalty Kill - 3 Players Forward 
   Forward                                           Time % Phy DF OF 
 1 Stephane Da Costa                                 60     1   2  2  
 2 Gabriel Bourque                                   40     1   2  2  

Penalty Kill - 3 Players Defense
   Defense                  Defense                  Time % Phy DF OF 
 1 Olli Maatta              Samuel Morin             60     1   2  2  
 2 Scott Harrington         Dylan Blujus             40     1   2  2  

4 vs 4 Forward 
   Center                   Wing                     Time % Phy DF OF 
 1 Stephane Da Costa        Gabriel Bourque          60     1   2  2  
 2 Nick Foligno             Johannes Salmonsson      40     1   2  2  

4 vs 4 Defense
   Defense                  Defense                  Time % Phy DF OF 
 1 Olli Maatta              Samuel Morin             60     1   2  2  
 2 Scott Harrington         Dylan Blujus             40     1   2  2  

Last Minutes Offensive
   Center                   Left Wing                Right Wing               Defense                  Defense                  
   Stephane Da Costa        Gabriel Bourque          Matt Frattin             Olli Maatta              Samuel Morin             

Last Minutes Defensive
   Center                   Left Wing                Right Wing               Defense                  Defense                  
   Stephane Da Costa        Gabriel Bourque          Matt Frattin             Olli Maatta              Samuel Morin             

Goaltenders
Starting : Brad Thiessen            
Backup : Ben Bishop               

Extra Forwards
Normal : Phil Di Giuseppe, Brett Bulmer, Blake Coleman - PP : Phil Di Giuseppe, Brett Bulmer - PK : Blake Coleman
Extra Defensemen
Normal : Keegan Lowe, Mason Geertsen, Scott Harrington - PP : Keegan Lowe - PK : Mason Geertsen, Scott Harrington
Penalty Shots
Stephane Da Costa, Gabriel Bourque, Nick Foligno, Johannes Salmonsson, Matt Frattin

Scratches
None


% Time on Ice - Punishers

Lines # - Real PCT - Wanted PCT - Time Play
Normal Forward
1 - 34% - 40% - 15:44
2 - 28% - 30% - 12:41
3 - 21% - 20% - 9:34
4 - 17% - 10% - 7:41
Normal Defense
1 - 35% - 40% - 16:09
2 - 37% - 30% - 16:45
3 - 20% - 20% - 9:07
4 - 8% - 10% - 3:39
PP Forward
1 - 57% - 60% - 3:24
2 - 43% - 40% - 2:32
PP Defense
1 - 69% - 60% - 4:04
2 - 31% - 40% - 1:52
PK Forward
1 - 78% - 60% - 6:10
2 - 22% - 40% - 1:47
PK Defense
1 - 56% - 60% - 4:28
2 - 44% - 40% - 3:29
PK3 Forward
1 - 0% - 60%
2 - 0% - 40%
PK3 Defense
1 - 0% - 60%
2 - 0% - 40%
44 Forward
1 - 0% - 60%
2 - 0% - 40%
44 Defense
1 - 0% - 60%
2 - 0% - 40%
Last Minute Offensive  - 0:00
Last Minute Defensive  - 0:27
Total
Forward - 60:00
Defense - 60:00

% Time on Ice - Senators

Lines # - Real PCT - Wanted PCT - Time Play
Normal Forward
1 - 34% - 40% - 15:29
2 - 30% - 30% - 13:49
3 - 22% - 20% - 9:56
4 - 14% - 10% - 6:27
Normal Defense
1 - 39% - 40% - 17:49
2 - 30% - 30% - 13:55
3 - 28% - 20% - 12:39
4 - 3% - 10% - 1:18
PP Forward
1 - 60% - 60% - 4:48
2 - 40% - 40% - 3:09
PP Defense
1 - 56% - 60% - 4:27
2 - 44% - 40% - 3:30
PK Forward
1 - 96% - 60% - 4:46
2 - 4% - 40% - 0:12
PK Defense
1 - 58% - 60% - 2:52
2 - 42% - 40% - 2:06
PK3 Forward
1 - 100% - 60% - 0:58
2 - 0% - 40% - 0:00
PK3 Defense
1 - 64% - 60% - 0:37
2 - 36% - 40% - 0:21
44 Forward
1 - 0% - 60%
2 - 0% - 40%
44 Defense
1 - 0% - 60%
2 - 0% - 40%
Last Minute Offensive  - 0:26
Last Minute Defensive  - 0:00
Total
Forward - 60:00
Defense - 60:00

Play-by-Play

1st period


0:01 of 1st period - Zack Hamill wins face-off versus Stephane Da Costa in neutral zone.
0:04 of 1st period - Samuel Morin is hit by Zack Hamill and loses puck.
0:11 of 1st period - Slapshot by Gabriel Bourque.
0:11 of 1st period - Shot Misses the Net.
0:13 of 1st period - Snap shot by Gabriel Bourque.
0:13 of 1st period - Stopped by Kristers Gudlevskis without a rebound.
0:14 of 1st period - Boone Jenner wins face-off versus Tommy Wingels in Punishers zone.
0:27 of 1st period - Snap shot by Colton Gillies.
0:27 of 1st period - Stopped by Brad Thiessen with a rebound.
0:29 of 1st period - Wrist shot by Patrick Wiercioch.
0:29 of 1st period - Stopped by Brad Thiessen with a rebound.
1:04 of 1st period - Wrist shot by Dan Bertram.
1:04 of 1st period - Stopped by Brad Thiessen with a rebound.
1:29 of 1st period - Icing by Patrick Wiercioch.
1:30 of 1st period - Tommy Wingels wins face-off versus Zack Hamill in Punishers zone.
1:43 of 1st period - Snap shot by Tommy Wingels.
1:43 of 1st period - Shot Misses the Net.
1:45 of 1st period - Slapshot by Tommy Wingels.
1:45 of 1st period - Deflect By David Laliberté.
1:45 of 1st period - Stopped by Kristers Gudlevskis with a rebound.
2:26 of 1st period - Wrist shot by Zemgus Girgensons.
2:26 of 1st period - Shot Misses the Net.
2:28 of 1st period - Slapshot by Samuel Morin.
2:28 of 1st period - Stopped by Kristers Gudlevskis without a rebound.
2:29 of 1st period - Zack Hamill wins face-off versus Tommy Wingels in Punishers zone.
2:55 of 1st period - Colton Gillies is hit by Dylan Blujus and loses puck.
3:04 of 1st period - Snap shot by Gabriel Bourque.
3:04 of 1st period - Deflect By Matt Frattin.
3:04 of 1st period - Stopped by Kristers Gudlevskis with a rebound.
3:26 of 1st period - Slapshot by Grant Besse.
3:26 of 1st period - Stopped by Kristers Gudlevskis without a rebound.
3:27 of 1st period - Zack Hamill wins face-off versus Zemgus Girgensons in Punishers zone.
3:56 of 1st period - Icing by Nick Foligno.
3:57 of 1st period - Tommy Wingels wins face-off versus Boone Jenner in Senators zone.
4:06 of 1st period - Snap shot by Nick Foligno.
4:06 of 1st period - Deflect By Jordan Schmaltz.
4:06 of 1st period - Shot Misses the Net.
4:06 of 1st period - Puck is out of play.
4:07 of 1st period - Stephane Da Costa wins face-off versus Zack Hamill in Punishers zone.
4:46 of 1st period - Wrist shot by Tomas Jurco.
4:46 of 1st period - Stopped by Kristers Gudlevskis without a rebound.
4:47 of 1st period - Boone Jenner wins face-off versus Matt Frattin in Punishers zone.
5:02 of 1st period - Wrist shot by Gabriel Bourque.
5:02 of 1st period - Stopped by Kristers Gudlevskis without a rebound.
5:03 of 1st period - Mark Jankowski wins face-off versus Zemgus Girgensons in Punishers zone.
5:18 of 1st period - Snap shot by Mark Jankowski.
5:18 of 1st period - Stopped by Brad Thiessen without a rebound.
5:19 of 1st period - Stephane Da Costa wins face-off versus Radek Faksa in Senators zone.
5:19 of 1st period - Stephane Da Costa is hit by Dan Bertram.
5:42 of 1st period - Icing by Trevor Van Riemsdyk.
5:43 of 1st period - Boone Jenner wins face-off versus Chandler Stephenson in Punishers zone.
5:43 of 1st period - Boone Jenner is hit by Andy Andreoff.
5:59 of 1st period - Snap shot by Andy Andreoff.
5:59 of 1st period - Deflect By Grant Besse.
5:59 of 1st period - Shot Blocked by Mattias Tedenby.
5:59 of 1st period - Puck is out of play.
6:00 of 1st period - Zack Hamill wins face-off versus Nick Foligno in Punishers zone.
6:27 of 1st period - Jordan Schmaltz is hit by Stephane Da Costa.
6:45 of 1st period - Sebastian Wannstrom is hit by Mattias Tedenby and loses puck.
6:50 of 1st period - Slapshot by Mattias Tedenby.
6:50 of 1st period - Stopped by Brad Thiessen with a rebound.
6:52 of 1st period - Slapshot by Jordan Schmaltz.
6:52 of 1st period - Stopped by Brad Thiessen with a rebound.
7:55 of 1st period - Snap shot by Andy Andreoff.
7:55 of 1st period - Stopped by Kristers Gudlevskis with a rebound.
7:57 of 1st period - Wrist shot by Grant Besse.
7:57 of 1st period - Stopped by Kristers Gudlevskis without a rebound.
7:58 of 1st period - Stephane Da Costa wins face-off versus Boone Jenner in Punishers zone.
8:01 of 1st period - Snap shot by Gabriel Bourque.
8:01 of 1st period - Goal by Gabriel Bourque - Punishers : 0 - Senators : 1.
8:02 of 1st period - Zack Hamill wins face-off versus Stephane Da Costa in neutral zone.
8:13 of 1st period - Snap shot by Stephane Da Costa.
8:13 of 1st period - Shot Blocked by Adam Pelech.
8:15 of 1st period - Slapshot by Matt Frattin.
8:15 of 1st period - Deflect By Gabriel Bourque.
8:15 of 1st period - Shot Blocked by Zack Hamill.
8:15 of 1st period - Puck is out of play.
8:16 of 1st period - Tommy Wingels wins face-off versus Boone Jenner in Punishers zone.
8:23 of 1st period - Wrist shot by Tommy Wingels.
8:23 of 1st period - Stopped by Kristers Gudlevskis without a rebound.
8:24 of 1st period - Tommy Wingels wins face-off versus Boone Jenner in Punishers zone.
8:51 of 1st period - Wrist shot by Zack Hamill.
8:51 of 1st period - Stopped by Brad Thiessen with a rebound.
9:36 of 1st period - Slapshot by Adam Pelech.
9:36 of 1st period - Stopped by Brad Thiessen without a rebound.
9:37 of 1st period - Stephane Da Costa wins face-off versus Zack Hamill in Senators zone.
10:02 of 1st period - Patrick Wiercioch is hit by Johannes Salmonsson and loses puck.
10:15 of 1st period - Wrist shot by Zemgus Girgensons.
10:15 of 1st period - Stopped by Kristers Gudlevskis without a rebound.
10:16 of 1st period - Tommy Wingels wins face-off versus Boone Jenner in Punishers zone.
10:31 of 1st period - Adam Pelech is hit by Olli Maatta and loses puck.
10:59 of 1st period - Minor Penalty to Olli Maatta for Hooking.
11:00 of 1st period - Zack Hamill wins face-off versus Stephane Da Costa in Senators zone.
11:15 of 1st period - Stephane Da Costa is hit by Robbie Earl and loses puck.
11:26 of 1st period - Snap shot by Mattias Tedenby.
11:26 of 1st period - Stopped by Brad Thiessen with a rebound.
11:28 of 1st period - Slapshot by Patrick Wiercioch.
11:28 of 1st period - Stopped by Brad Thiessen without a rebound.
11:29 of 1st period - Boone Jenner wins face-off versus Stephane Da Costa in Senators zone.
11:42 of 1st period - Slapshot by Colton Gillies.
11:42 of 1st period - Goal by Colton Gillies - Punishers : 1 - Senators : 1.
11:43 of 1st period - Tommy Wingels wins face-off versus Zack Hamill in neutral zone.
11:52 of 1st period - Wrist shot by Tomas Jurco.
11:52 of 1st period - Stopped by Kristers Gudlevskis without a rebound.
11:53 of 1st period - Tommy Wingels wins face-off versus Zack Hamill in Punishers zone.
12:12 of 1st period - Wrist shot by Nick Foligno.
12:12 of 1st period - Shot Misses the Net.
12:14 of 1st period - Snap shot by Nick Foligno.
12:14 of 1st period - Shot Misses the Net.
12:16 of 1st period - Backhand shot by Samuel Morin.
12:16 of 1st period - Stopped by Kristers Gudlevskis with a rebound.
12:42 of 1st period - Snap shot by Nick Foligno.
12:42 of 1st period - Shot Misses the Net.
12:48 of 1st period - Snap shot by Nick Foligno.
12:48 of 1st period - Stopped by Kristers Gudlevskis with a rebound.
12:50 of 1st period - Wrist shot by Nick Foligno.
12:50 of 1st period - Stopped by Kristers Gudlevskis with a rebound.
12:52 of 1st period - Snap shot by Samuel Morin.
12:52 of 1st period - Shot Blocked by Adam Pelech.
12:54 of 1st period - Wrist shot by Tomas Jurco.
12:54 of 1st period - Shot Misses the Net.
13:00 of 1st period - Slapshot by Tommy Wingels.
13:00 of 1st period - Shot Misses the Net.
13:13 of 1st period - Off-side.
13:14 of 1st period - Stephane Da Costa wins face-off versus Boone Jenner in neutral zone.
14:24 of 1st period - Wrist shot by Mattias Tedenby.
14:24 of 1st period - Stopped by Brad Thiessen with a rebound.
14:50 of 1st period - Samuel Morin is hit by Boone Jenner and loses puck.
15:21 of 1st period - Jordan Schmaltz is hit by Andy Andreoff and loses puck.
15:53 of 1st period - Adam Pelech is hit by Tomas Jurco and loses puck.
16:06 of 1st period - Slapshot by Stephane Da Costa.
16:06 of 1st period - Shot Blocked by Adam Pelech.
16:08 of 1st period - Slapshot by Keegan Lowe.
16:08 of 1st period - Stopped by Kristers Gudlevskis with a rebound.
16:34 of 1st period - Nick Foligno is hit by David Laliberté and loses puck.
16:54 of 1st period - Off-side.
16:55 of 1st period - Miikka Salomaki wins face-off versus Stephane Da Costa in neutral zone.
17:03 of 1st period - Snap shot by Gabriel Bourque.
17:03 of 1st period - Stopped by Kristers Gudlevskis with a rebound.
17:05 of 1st period - Slapshot by Mason Geertsen.
17:05 of 1st period - Deflect By Stephane Da Costa.
17:05 of 1st period - Stopped by Kristers Gudlevskis with a rebound.
17:07 of 1st period - Wrist shot by Gabriel Bourque.
17:07 of 1st period - Stopped by Kristers Gudlevskis with a rebound.
17:42 of 1st period - Tommy Wingels is hit by David Laliberté and loses puck.
18:09 of 1st period - Snap shot by Chandler Stephenson.
18:09 of 1st period - Shot Misses the Net.
18:47 of 1st period - Mattias Tedenby is hit by Sebastian Wannstrom and loses puck.
19:14 of 1st period - Wrist shot by Tomas Jurco.
19:14 of 1st period - Stopped by Kristers Gudlevskis without a rebound.
19:15 of 1st period - Stephane Da Costa wins face-off versus Zack Hamill in Punishers zone.
19:30 of 1st period - Stephane Da Costa is hit by Zack Hamill.
19:55 of 1st period - Icing by Trevor Van Riemsdyk.
19:56 of 1st period - Mark Jankowski wins face-off versus Zemgus Girgensons in Punishers zone.
Goals for this period are 1 for Punishers vs 1 for Senators.
Shots for this period are 12 for Punishers vs 21 for Senators.

2nd period


0:01 of 2nd period - Stephane Da Costa wins face-off versus Zack Hamill in neutral zone.
0:17 of 2nd period - Minor Penalty to Robbie Earl for Tripping.
0:18 of 2nd period - Zack Hamill wins face-off versus Stephane Da Costa in Punishers zone.
0:28 of 2nd period - Zack Hamill is hit by Olli Maatta and loses puck.
0:35 of 2nd period - Matt Frattin is hit by Zack Hamill and loses puck.
0:46 of 2nd period - Gabriel Bourque is hit by Adam Pelech and loses puck.
1:21 of 2nd period - Wrist shot by Nick Foligno.
1:21 of 2nd period - Shot Misses the Net.
1:23 of 2nd period - Slapshot by Samuel Morin.
1:23 of 2nd period - Deflect By Patrick Wiercioch.
1:23 of 2nd period - Stopped by Kristers Gudlevskis without a rebound.
1:24 of 2nd period - Nick Foligno wins face-off versus Michael Joly in Punishers zone.
1:25 of 2nd period - Snap shot by Tomas Jurco.
1:25 of 2nd period - Shot Misses the Net.
1:27 of 2nd period - Slapshot by Dylan Blujus.
1:27 of 2nd period - Deflect By Nick Foligno.
1:27 of 2nd period - Shot Blocked by Patrick Wiercioch.
1:27 of 2nd period - Puck is out of play.
1:28 of 2nd period - Tommy Wingels wins face-off versus Zack Hamill in Punishers zone.
1:29 of 2nd period - Snap shot by Nick Foligno.
1:29 of 2nd period - Shot Misses the Net.
1:31 of 2nd period - Slapshot by Scott Harrington.
1:31 of 2nd period - Shot Misses the Net.
1:33 of 2nd period - Slapshot by Scott Harrington.
1:33 of 2nd period - Stopped by Kristers Gudlevskis with a rebound.
1:35 of 2nd period - Snap shot by Nick Foligno.
1:35 of 2nd period - Stopped by Kristers Gudlevskis with a rebound.
1:39 of 2nd period - Snap shot by Tomas Jurco.
1:39 of 2nd period - Stopped by Kristers Gudlevskis with a rebound.
1:41 of 2nd period - Wrist shot by Tommy Wingels.
1:41 of 2nd period - Shot Misses the Net.
1:43 of 2nd period - Slapshot by Dylan Blujus.
1:43 of 2nd period - Stopped by Kristers Gudlevskis with a rebound.
2:17 of 2nd period - Penalty to Robbie Earl is over, Robbie Earl is back on ice.
2:31 of 2nd period - Slapshot by Olli Maatta.
2:31 of 2nd period - Shot Blocked by Adam Pelech.
2:33 of 2nd period - Slapshot by Olli Maatta.
2:33 of 2nd period - Stopped by Kristers Gudlevskis with a rebound.
3:14 of 2nd period - Nick Foligno is hit by Tyler Bertuzzi and loses puck.
3:44 of 2nd period - Slapshot by Miikka Salomaki.
3:44 of 2nd period - Goal by Miikka Salomaki - Punishers : 2 - Senators : 1.
3:45 of 2nd period - Stephane Da Costa wins face-off versus Zack Hamill in neutral zone.
3:54 of 2nd period - Wrist shot by Zack Hamill.
3:54 of 2nd period - Shot Misses the Net.
3:58 of 2nd period - Wrist shot by Zack Hamill.
3:58 of 2nd period - Shot Misses the Net.
4:00 of 2nd period - Slapshot by Zack Hamill.
4:00 of 2nd period - Stopped by Brad Thiessen without a rebound.
4:01 of 2nd period - Tommy Wingels wins face-off versus Boone Jenner in Senators zone.
4:05 of 2nd period - Icing by Tomas Jurco.
4:06 of 2nd period - Tommy Wingels wins face-off versus Boone Jenner in Senators zone.
4:17 of 2nd period - Slapshot by Tomas Jurco.
4:17 of 2nd period - Stopped by Kristers Gudlevskis with a rebound.
4:30 of 2nd period - Off-side.
4:31 of 2nd period - Stephane Da Costa wins face-off versus Zack Hamill in neutral zone.
4:58 of 2nd period - Boone Jenner is hit by Tomas Jurco and loses puck.
5:07 of 2nd period - Snap shot by Tommy Wingels.
5:07 of 2nd period - Stopped by Kristers Gudlevskis with a rebound.
5:09 of 2nd period - Slapshot by Dylan Blujus.
5:09 of 2nd period - Shot Blocked by Patrick Wiercioch.
5:19 of 2nd period - Slapshot by Trevor Van Riemsdyk.
5:19 of 2nd period - Stopped by Brad Thiessen without a rebound.
5:20 of 2nd period - Zemgus Girgensons wins face-off versus Mark Jankowski in Senators zone.
5:45 of 2nd period - Olli Maatta is hit by Jordan Schmaltz and loses puck.
6:16 of 2nd period - Off-side.
6:17 of 2nd period - Zack Hamill wins face-off versus Chandler Stephenson in neutral zone.
6:46 of 2nd period - Icing by Gabriel Bourque.
6:47 of 2nd period - Mattias Tedenby wins face-off versus Stephane Da Costa in Senators zone.
7:37 of 2nd period - Wrist shot by Miikka Salomaki.
7:37 of 2nd period - Shot Misses the Net.
8:22 of 2nd period - Snap shot by Colton Gillies.
8:22 of 2nd period - Stopped by Brad Thiessen with a rebound.
8:24 of 2nd period - Wrist shot by Mattias Tedenby.
8:24 of 2nd period - Stopped by Brad Thiessen with a rebound.
9:05 of 2nd period - Snap shot by Zack Hamill.
9:05 of 2nd period - Shot Misses the Net.
9:07 of 2nd period - Snap shot by Trevor Van Riemsdyk.
9:07 of 2nd period - Deflect By David Laliberté.
9:07 of 2nd period - Stopped by Brad Thiessen without a rebound.
9:08 of 2nd period - Boone Jenner wins face-off versus Stephane Da Costa in Senators zone.
9:13 of 2nd period - Wrist shot by Mattias Tedenby.
9:13 of 2nd period - Shot Misses the Net.
9:29 of 2nd period - Double Minor Penalty to Colton Gillies for Charging.
9:30 of 2nd period - Zack Hamill wins face-off versus Stephane Da Costa in Punishers zone.
10:53 of 2nd period - Nick Foligno is hit by Mattias Tedenby and loses puck.
11:04 of 2nd period - Zack Hamill is hit by Stephane Da Costa and loses puck.
11:37 of 2nd period - Scott Harrington is hit by Radek Faksa and loses puck.
12:04 of 2nd period - Samuel Morin is hit by David Laliberté and loses puck.
13:17 of 2nd period - Adam Pelech is hit by Keegan Lowe and loses puck.
13:29 of 2nd period - Penalty to Colton Gillies is over, Colton Gillies is back on ice.
13:36 of 2nd period - Miikka Salomaki is hit by Johannes Salmonsson and loses puck.
13:47 of 2nd period - Chandler Stephenson is hit by Boone Jenner and loses puck.
13:58 of 2nd period - Colton Gillies is hit by Mason Geertsen and loses puck.
14:11 of 2nd period - Dylan DeMelo is hit by Johannes Salmonsson and loses puck.
14:20 of 2nd period - Minor Penalty to Patrick Wiercioch for Hooking.
14:21 of 2nd period - Stephane Da Costa wins face-off versus Zack Hamill in Punishers zone.
14:34 of 2nd period - Snap shot by Stephane Da Costa.
14:34 of 2nd period - Shot Blocked by Jordan Schmaltz.
14:36 of 2nd period - Slapshot by Scott Harrington.
14:36 of 2nd period - Shot Misses the Net.
16:20 of 2nd period - Penalty to Patrick Wiercioch is over, Patrick Wiercioch is back on ice.
16:24 of 2nd period - Icing by Matt Frattin.
16:25 of 2nd period - Stephane Da Costa wins face-off versus Mark Jankowski in Senators zone.
16:25 of 2nd period - Stephane Da Costa is hit by Mark Jankowski.
16:37 of 2nd period - Wrist shot by Johannes Salmonsson.
16:37 of 2nd period - Shot Blocked by Trevor Van Riemsdyk.
16:51 of 2nd period - Snap shot by Andy Andreoff.
16:51 of 2nd period - Stopped by Kristers Gudlevskis without a rebound.
16:52 of 2nd period - Chandler Stephenson wins face-off versus Boone Jenner in Punishers zone.
17:16 of 2nd period - Icing by Andy Andreoff.
17:17 of 2nd period - Tommy Wingels wins face-off versus Zack Hamill in Senators zone.
17:17 of 2nd period - Tommy Wingels is hit by David Laliberté.
17:43 of 2nd period - Slapshot by Olli Maatta.
17:43 of 2nd period - Shot Misses the Net.
17:49 of 2nd period - Trevor Van Riemsdyk is hit by Gabriel Bourque and loses puck.
18:02 of 2nd period - Jordan Schmaltz is hit by Sebastian Wannstrom and loses puck.
18:25 of 2nd period - Snap shot by Grant Besse.
18:25 of 2nd period - Stopped by Kristers Gudlevskis with a rebound.
18:27 of 2nd period - Backhand shot by Grant Besse.
18:27 of 2nd period - Stopped by Kristers Gudlevskis with a rebound.
18:29 of 2nd period - Slapshot by Grant Besse.
18:29 of 2nd period - Stopped by Kristers Gudlevskis with a rebound.
18:31 of 2nd period - Wrist shot by Scott Harrington.
18:31 of 2nd period - Stopped by Kristers Gudlevskis without a rebound.
18:32 of 2nd period - Zack Hamill wins face-off versus Stephane Da Costa in Punishers zone.
19:21 of 2nd period - Minor Penalty to Scott Harrington for High sticking.
19:22 of 2nd period - Stephane Da Costa wins face-off versus Zack Hamill in Senators zone.
19:22 of 2nd period - Stephane Da Costa is hit by Adam Pelech.
Goals for this period are 1 for Punishers vs 0 for Senators.
Shots for this period are 6 for Punishers vs 13 for Senators.

3rd period


0:01 of 3rd period - Zack Hamill wins face-off versus Stephane Da Costa in neutral zone.
0:14 of 3rd period - Slapshot by Robbie Earl.
0:14 of 3rd period - Deflect By Gabriel Bourque.
0:14 of 3rd period - Stopped by Brad Thiessen with a rebound.
0:16 of 3rd period - Wrist shot by Robbie Earl.
0:16 of 3rd period - Stopped by Brad Thiessen with a rebound.
0:22 of 3rd period - Minor Penalty to Stephane Da Costa for Hooking.
0:23 of 3rd period - Zack Hamill wins face-off versus Blake Coleman in Senators zone.
0:24 of 3rd period - Wrist shot by David Laliberté.
0:24 of 3rd period - Shot Blocked by Samuel Morin.
0:30 of 3rd period - Wrist shot by Robbie Earl.
0:30 of 3rd period - Shot Blocked by Samuel Morin.
0:34 of 3rd period - Wrist shot by Zack Hamill.
0:34 of 3rd period - Shot Blocked by Olli Maatta.
0:38 of 3rd period - Slapshot by Robbie Earl.
0:38 of 3rd period - Shot Misses the Net.
1:21 of 3rd period - Penalty to Scott Harrington is over, Scott Harrington is back on ice.
2:22 of 3rd period - Penalty to Stephane Da Costa is over, Stephane Da Costa is back on ice.
2:39 of 3rd period - Tommy Wingels is hit by Trevor Van Riemsdyk and loses puck.
3:14 of 3rd period - Snap shot by Johannes Salmonsson.
3:14 of 3rd period - Goal by Johannes Salmonsson - Punishers : 2 - Senators : 2.
3:15 of 3rd period - Zack Hamill wins face-off versus Stephane Da Costa in neutral zone.
4:23 of 3rd period - Tyler Bertuzzi is hit by Matt Frattin and loses puck.
4:32 of 3rd period - Backhand shot by Stephane Da Costa.
4:32 of 3rd period - Shot Misses the Net.
4:34 of 3rd period - Wrist shot by Stephane Da Costa.
4:34 of 3rd period - Shot Blocked by Adam Pelech.
4:46 of 3rd period - Slapshot by Andy Andreoff.
4:46 of 3rd period - Shot Blocked by Adam Pelech.
5:03 of 3rd period - Snap shot by Dan Bertram.
5:03 of 3rd period - Stopped by Brad Thiessen without a rebound.
5:04 of 3rd period - Gabriel Bourque wins face-off versus Zack Hamill in Senators zone.
5:30 of 3rd period - Jordan Schmaltz is hit by Sebastian Wannstrom and loses puck.
5:55 of 3rd period - Keegan Lowe is hit by Boone Jenner and loses puck.
6:41 of 3rd period - Snap shot by Tommy Wingels.
6:41 of 3rd period - Stopped by Kristers Gudlevskis without a rebound.
6:42 of 3rd period - Miikka Salomaki wins face-off versus Stephane Da Costa in Punishers zone.
6:47 of 3rd period - Snap shot by Dylan DeMelo.
6:47 of 3rd period - Deflect By Garret Ross.
6:47 of 3rd period - Shot Misses the Net.
6:47 of 3rd period - Puck is out of play.
6:48 of 3rd period - Mark Jankowski wins face-off versus Stephane Da Costa in Senators zone.
7:01 of 3rd period - Wrist shot by Garret Ross.
7:01 of 3rd period - Shot Misses the Net.
7:03 of 3rd period - Slapshot by Dylan DeMelo.
7:03 of 3rd period - Stopped by Brad Thiessen without a rebound.
7:04 of 3rd period - Zemgus Girgensons wins face-off versus Zack Hamill in Senators zone.
7:06 of 3rd period - Minor Penalty to Zemgus Girgensons for Holding Stick.
7:07 of 3rd period - Stephane Da Costa wins face-off versus Zack Hamill in Senators zone.
7:10 of 3rd period - Off-side.
7:11 of 3rd period - David Laliberté wins face-off versus Stephane Da Costa in neutral zone.
7:18 of 3rd period - Slapshot by Zack Hamill.
7:18 of 3rd period - Shot Blocked by Samuel Morin.
7:20 of 3rd period - Slapshot by Robbie Earl.
7:20 of 3rd period - Goal by Robbie Earl - Punishers : 3 - Senators : 2.
7:21 of 3rd period - Stephane Da Costa wins face-off versus Zack Hamill in neutral zone.
7:35 of 3rd period - Minor Penalty to Gabriel Bourque for Tripping.
7:36 of 3rd period - Stephane Da Costa wins face-off versus Zack Hamill in Senators zone.
7:42 of 3rd period - Snap shot by Olli Maatta.
7:42 of 3rd period - Deflect By Stephane Da Costa.
7:42 of 3rd period - Stopped by Kristers Gudlevskis without a rebound.
7:43 of 3rd period - Zack Hamill wins face-off versus Stephane Da Costa in Punishers zone.
8:40 of 3rd period - Dylan Blujus is hit by Colton Gillies and loses puck.
9:35 of 3rd period - Penalty to Gabriel Bourque is over, Gabriel Bourque is back on ice.
9:49 of 3rd period - Nick Foligno is hit by Garret Ross and loses puck.
9:58 of 3rd period - Wrist shot by Garret Ross.
9:58 of 3rd period - Goal by Garret Ross - Punishers : 4 - Senators : 2.
9:59 of 3rd period - Zack Hamill wins face-off versus Stephane Da Costa in neutral zone.
10:51 of 3rd period - Tommy Wingels is hit by Mattias Tedenby and loses puck.
11:13 of 3rd period - Slapshot by Nick Foligno.
11:13 of 3rd period - Shot Misses the Net.
11:15 of 3rd period - Slapshot by Dylan Blujus.
11:15 of 3rd period - Shot Blocked by Patrick Wiercioch.
11:17 of 3rd period - Snap shot by Nick Foligno.
11:17 of 3rd period - Shot Misses the Net.
11:19 of 3rd period - Snap shot by Tommy Wingels.
11:19 of 3rd period - Goal by Tommy Wingels - Punishers : 4 - Senators : 3.
11:20 of 3rd period - Zack Hamill wins face-off versus Stephane Da Costa in neutral zone.
11:22 of 3rd period - Off-side.
11:23 of 3rd period - Zack Hamill wins face-off versus Stephane Da Costa in neutral zone.
11:34 of 3rd period - David Laliberté is hit by Matt Frattin and loses puck.
12:10 of 3rd period - Icing by Olli Maatta.
12:11 of 3rd period - Mark Jankowski wins face-off versus Tommy Wingels in Senators zone.
12:20 of 3rd period - Snap shot by Zack Hamill.
12:20 of 3rd period - Deflect By David Laliberté.
12:20 of 3rd period - Stopped by Brad Thiessen without a rebound.
12:21 of 3rd period - Zack Hamill wins face-off versus Stephane Da Costa in Senators zone.
12:24 of 3rd period - Snap shot by David Laliberté.
12:24 of 3rd period - Shot Blocked by Dylan Blujus.
12:26 of 3rd period - Slapshot by Jordan Schmaltz.
12:26 of 3rd period - Stopped by Brad Thiessen with a rebound.
12:28 of 3rd period - Snap shot by Adam Pelech.
12:28 of 3rd period - Stopped by Brad Thiessen with a rebound.
12:30 of 3rd period - Slapshot by Jordan Schmaltz.
12:30 of 3rd period - Shot Blocked by Dylan Blujus.
12:32 of 3rd period - Slapshot by Jordan Schmaltz.
12:32 of 3rd period - Stopped by Brad Thiessen without a rebound.
12:33 of 3rd period - Zack Hamill wins face-off versus Stephane Da Costa in Senators zone.
13:05 of 3rd period - Snap shot by Tomas Jurco.
13:05 of 3rd period - Stopped by Kristers Gudlevskis without a rebound.
13:06 of 3rd period - Zack Hamill wins face-off versus Stephane Da Costa in Punishers zone.
13:13 of 3rd period - Slapshot by Patrick Wiercioch.
13:13 of 3rd period - Shot Misses the Net.
13:15 of 3rd period - Slapshot by Trevor Van Riemsdyk.
13:15 of 3rd period - Shot Blocked by Scott Harrington.
13:17 of 3rd period - Slapshot by Patrick Wiercioch.
13:17 of 3rd period - Stopped by Brad Thiessen without a rebound.
13:18 of 3rd period - Zack Hamill wins face-off versus Stephane Da Costa in Senators zone.
13:43 of 3rd period - Tommy Wingels is hit by Colton Gillies and loses puck.
14:10 of 3rd period - Grant Besse is hit by Garret Ross and loses puck.
14:49 of 3rd period - Wrist shot by Dan Bertram.
14:49 of 3rd period - Stopped by Brad Thiessen with a rebound.
14:59 of 3rd period - Snap shot by Dan Bertram.
14:59 of 3rd period - Shot Blocked by Keegan Lowe.
15:15 of 3rd period - Wrist shot by Tommy Wingels.
15:15 of 3rd period - Stopped by Kristers Gudlevskis without a rebound.
15:16 of 3rd period - Mark Jankowski wins face-off versus Tommy Wingels in Punishers zone.
16:03 of 3rd period - Mattias Tedenby is hit by Samuel Morin and loses puck.
16:19 of 3rd period - Off-side.
16:20 of 3rd period - Radek Faksa wins face-off versus Zemgus Girgensons in neutral zone.
17:08 of 3rd period - Jordan Schmaltz is hit by Zemgus Girgensons and loses puck.
17:45 of 3rd period - Snap shot by Johannes Salmonsson.
17:45 of 3rd period - Stopped by Kristers Gudlevskis with a rebound.
18:07 of 3rd period - Wrist shot by Radek Faksa.
18:07 of 3rd period - Stopped by Brad Thiessen without a rebound.
18:08 of 3rd period - Stephane Da Costa wins face-off versus Mark Jankowski in Senators zone.
18:10 of 3rd period - Icing by Matt Frattin.
18:11 of 3rd period - Mark Jankowski wins face-off versus Stephane Da Costa in Senators zone.
18:12 of 3rd period - Snap shot by Garret Ross.
18:12 of 3rd period - Stopped by Brad Thiessen with a rebound.
18:14 of 3rd period - Slapshot by Patrick Wiercioch.
18:14 of 3rd period - Stopped by Brad Thiessen without a rebound.
18:15 of 3rd period - Stephane Da Costa wins face-off versus Mark Jankowski in Senators zone.
18:15 of 3rd period - Stephane Da Costa is hit by Trevor Van Riemsdyk.
18:53 of 3rd period - Senators, Brad Thiessen is pulled from the net.
19:09 of 3rd period - Wrist shot by Zack Hamill.
19:09 of 3rd period - Shot Hit the Post.
19:25 of 3rd period - Wrist shot by Robbie Earl.
19:25 of 3rd period - Goal by Robbie Earl - Punishers : 5 - Senators : 3.
19:25 of 3rd period - Brad Thiessen from Senators was sent back in the game.
19:26 of 3rd period - Mark Jankowski wins face-off versus Stephane Da Costa in neutral zone.
19:31 of 3rd period - Snap shot by Garret Ross.
19:31 of 3rd period - Shot Misses the Net.
19:51 of 3rd period - Matt Frattin is hit by David Laliberté.
Goals for this period are 3 for Punishers vs 2 for Senators.
Shots for this period are 16 for Punishers vs 7 for Senators.